 Dungeon Crawl Stone Soup version 0.23.2-1-ga50397a (webtiles) character file.

Game seed: 2023466103644434440

473 eccles the Magician (level 6, -2/44 HPs)
             Began as a Mummy Necromancer on May 3, 2019.
             Was an Initiate of Kikubaaqudgha.
             Shot with an arrow by a centaur (6 damage)
             ... on level 6 of the Dungeon on May 7, 2019.
             The game lasted 00:31:30 (4932 turns).

eccles the Magician (Mummy Necromancer)             Turns: 4932, Time: 00:31:30

Health: -2/44      AC:  3    Str: 12    XL:     6   Next: 83%
Magic:  8/15       EV: 11    Int: 16    God:    Kikubaaqudgha [......]
Gold:   246        SH:  0    Dex: 12    Spells: 8/17 levels left

rFire    x . .     SeeInvis .   g - +5 club
rCold    + . .     Gourm    .   (no shield)
rNeg     + + +     Faith    .   i - +0 leather armour
rPois    ∞         Spirit   .   (no helmet)
rElec    .         Reflect  .   (no cloak)
rCorr    .         Harm     .   (no gloves)
MR       .....                  (no boots)
Stlth    ++........             (no amulet)
HPRegen  0.14/turn              (no ring)
MPRegen  0.14/turn              (no ring)

@: lightly drained
A: no food or potions, fire vulnerability, cold resistance 1, negative energy
resistance 3, torment resistance, unbreathing
a: Renounce Religion


You were on level 6 of the Dungeon.
You worshipped Kikubaaqudgha.
Kikubaaqudgha was noncommittal.
You were not hungry.

You visited 2 branches of the dungeon, and saw 7 of its levels.

You collected 246 gold pieces.

Inventory:

Hand Weapons
 g - a +5 club (weapon)
Armour
 a - a +0 robe
 i - a +0 leather armour (worn)
 o - a +0 leather armour
Magical Staves
 h - an uncursed staff of earth
Jewellery
 b - an uncursed ring of ice
 l - an uncursed amulet of harm
Wands
 j - a wand of digging (6)
Scrolls
 c - 2 scrolls of identify
 d - a scroll of fear
 e - 2 scrolls of teleportation
 f - 2 scrolls of remove curse
 k - a scroll of fog
 m - a scroll of immolation
 n - a scroll of enchant weapon
 p - a scroll of amnesia {unknown}


   Skills:
 * Level 1.9(1.8) Fighting
 + Level 0.8(0.7) Maces & Flails
 + Level 0.8(0.7) Armour
 + Level 1.6 Dodging
 * Level 2.6 Stealth
 * Level 6.0 Spellcasting
 * Level 5.6(5.5) Necromancy


You had 8 spell levels left.
You knew the following spells:

 Your Spells              Type           Power        Failure   Level  Hunger
a - Pain                  Necr           ###.         1%          1    N/A
b - Animate Skeleton      Necr           N/A          1%          1    N/A
c - Vampiric Draining     Necr           ###.......   5%          3    N/A
d - Animate Dead          Necr           N/A          17%         4    N/A

Your spell library contained the following spells:

 Spells                   Type           Power        Failure   Level  Hunger
 Regeneration             Chrm/Necr      Unusable     N/A         3    N/A

Dungeon Overview and Level Annotations

Branches:
Dungeon (6/15)             Temple (1/1) D:4

Altars:
Ashenzari
Cheibriados
Dithmenos
Elyvilon
Fedhas
Gozag
Hepliaklqana
Kikubaaqudgha
Makhleb
Nemelex Xobeh
Okawaru
Qazlal
Ru
Sif Muna
Trog
Uskayaw
Vehumet
Wu Jian
Xom
Yredelemnul
Zin
The Shining One

Shops:
D:5 [


Innate Abilities, Weirdness & Mutations

You do not eat or drink.
Your flesh is vulnerable to fire.
You are immune to poison.
Your flesh is cold resistant. (rC+)
You are immune to negative energy. (rN+++)
You are immune to unholy pain and torment.
You can survive without breathing.


Message History

Press: ? - help, Shift-Dir - straight line, f/p - centaur
Aim: a centaur, wielding a +0 shortbow (severely wounded, chance to defeat MR: 81%)
The centaur barely resists.
A gnoll comes into view. It is wielding a +0 spear.
Unknown command.
The centaur shoots an arrow.
The arrow hits you.
You see here 2 arrows.
The centaur shoots an arrow.
The arrow hits you!
You see here 2 arrows.
The centaur shoots an arrow.
The arrow hits you!
* * * LOW HITPOINT WARNING * * *
You see here 3 arrows.
Casting: Pain (safe; 1% risk of failure)
Confirm with . or Enter, or press ? or * to list all spells.
Aiming: Pain (safe; 1% risk of failure)
Press: ? - help, Shift-Dir - straight line, f/p - centaur
Aim: a centaur, wielding a +0 shortbow (severely wounded, chance to defeat MR: 81%)
The centaur writhes in agony!
The centaur shoots an arrow.
The arrow hits you.
You die...
Kikubaaqudgha rasps: "You have failed me!
Welcome... oblivion!"

##...##
#.....#...<......
#.....#..........
+.....#.%........
#.....#.........
#<....#..>..... >
##...###....#
.<###...###....###..
......(.(@(c(..g....
....................
............!.......
.........##.....##..
.........##.....# .
..#..#...##.......
######...##........
..............
#...... ....


You could see a centaur and a gnoll.

Vanquished Creatures
  An orc warrior (D:5)
  A crimson imp (D:5)
  A hound (D:5)
  A jelly (D:5)
  An orc priest (D:5)
  An orc wizard (D:5)
  Jessica (D:3)
  2 worker ants
  3 adders
  A howler monkey skeleton (D:5)
  An ooze (D:2)
  A dart slug (D:2)
  5 leopard geckos
  8 orcs
  8 bats
  A giant cockroach (D:4)
  4 goblins
  8 hobgoblins
  8 jackals (D:4)
  6 kobolds
  A quokka (D:4)
  3 ball pythons
  5 frilled lizards
  A leopard gecko skeleton (D:5)
  4 rats
77 creatures vanquished.

Vanquished Creatures (collateral kills)
  A crimson imp (D:5)
1 creature vanquished.

Grand Total: 78 creatures vanquished

Notes
Turn   | Place    | Note
-------+----------+-------------------------------------------
     0 | D:1      | eccles the Mummy Necromancer began the quest for the Orb.
     0 | D:1      | Reached XP level 1. HP: 13/13 MP: 4/4
    75 | D:1      | Reached skill level 3 in Spellcasting
   168 | D:1      | Reached XP level 2. HP: 19/19 MP: 1/6
   945 | D:2      | Learned a level 1 spell: Animate Skeleton
   963 | D:2      | Found an iron altar of Okawaru.
   963 | D:2      | Found an ornate altar of the Wu Jian Council.
   964 | D:2      | Found an ancient bone altar of Kikubaaqudgha.
   978 | D:2      | Reached XP level 3. HP: 25/25 MP: 0/7
  1511 | D:2      | Reached skill level 1 in Fighting
  1777 | D:3      | Reached XP level 4. HP: 32/32 MP: 6/9
  1892 | D:3      | Found a sacrificial altar of Ru.
  2054 | D:3      | Noticed Jessica
  2061 | D:3      | Killed Jessica
  2061 | D:3      | Reached skill level 4 in Spellcasting
  2260 | D:4      | Reached skill level 5 in Necromancy
  2393 | D:4      | Reached XP level 5. HP: 34/37 MP: 1/11
  2818 | D:4      | Learned a level 3 spell: Vampiric Draining
  2823 | D:4      | Learned a level 4 spell: Animate Dead
  2863 | D:4      | Found a sparkling altar of Nemelex Xobeh.
  2919 | D:4      | Found a staircase to the Ecumenical Temple.
  3033 | Temple   | Entered the Ecumenical Temple
  3285 | D:2      | Became a worshipper of Kikubaaqudgha
  3384 | D:5      | Entered Level 5 of the Dungeon
  3504 | D:5      | Found a snail-covered altar of Cheibriados.
  3633 | D:5      | Found Xot Fenk's Antique Armour Shoppe.
  3931 | D:5      | Noticed an orc warrior
  3967 | D:5      | Reached skill level 5 in Spellcasting
  4146 | D:5      | Killed an orc warrior
  4146 | D:5      | Reached XP level 6. HP: 12/44 MP: 4/13
  4603 | D:5      | Reached skill level 6 in Spellcasting
  4932 | D:6      | Shot with an arrow by a centaur

Skill      XL: |  1  2  3  4  5  6 |
---------------+-------------------+-----
Spellcasting   | 3 4 5 6 |  6.0
Fighting       | 1 |  1.9
Stealth        | 2 |  2.6
Necromancy     | 5 |  5.6
Maces & Flails | |  0.8
Armour         | |  0.8
Dodging        | |  1.6

Action                   |  1- 3 |  4- 6 || total
-------------------------+-------+-------++-------
Melee: Unarmed           |    12 |       ||    12
       Club              |       |    54 ||    54
       Staff             |       |     3 ||     3
 Cast: Pain              |    81 |   110 ||   191
       Animate Skeleton  |       |     2 ||     2
       Vampiric Draining |       |     2 ||     2
  Use: Scroll            |       |     6 ||     6
Armor: Robe              |    12 |     4 ||    16
       Leather armour    |       |    19 ||    19
Dodge: Dodged            |    26 |    62 ||    88
